Map: Blackpink LE

Players

sOs

  • Race: Protoss Protoss
  • Spawn Location: 1:00

Classic - Winner!

  • Race: Protoss Protoss
  • Spawn Location: 7:00

Event: IEM Season 12 - Katowice

VOD

Have the link to the VOD?

Description

Time

  • Played on: March 2, 2018, 3:12 p.m.
  • Length: 12:32

All games in this series

Show
View Real Time Build Order
Export as new Build Order

sOs Protoss 

Build Orders: Phoenix Opening, Zealot Archon, Dark Templar Rush 

Get SALT Encoding   

  12  0:00  Probe  
  13  0:12  Probe  
  14  0:17  Pylon  
  14  0:24  Probe (Chrono Boost)  
  15  0:36  Gateway  
  15  0:37  Probe (Chrono Boost)  
  16  0:43  Probe (Chrono Boost)  
  16  0:45  Assimilator  
  17  0:51  Probe (Chrono Boost)  
  17  0:54  Assimilator  
  18  1:03  Probe (Chrono Boost)  
  19  1:11  Probe (Chrono Boost)  
  20  1:14  Gateway  
  20  1:17  Probe  
  20  1:23  Cybernetics Core  
  21  1:29  Probe  
  22  1:34  Pylon  
  22  1:41  Probe  
  23  1:53  Probe  
  24  2:00  Sentry  
  24  2:01  Warp Gate  
  26  2:04  Stalker  
  28  2:12  Pylon  
  28  2:22  Twilight Council  
  28  2:40  Nexus  
  28  2:47  Stalker  
  30  3:00  Dark Shrine  
  30  3:05  Stalker  
  32  3:08  Phoenix  
  32  3:12  Shield Battery  
  32  3:21  Probe  
  33  3:28  Robotics Facility  
  33  3:33  Probe  
  34  3:39  Shield Battery  
  34  3:45  Pylon  
  34  3:47  Probe  
  35  3:53  Probe  
  36  3:59  Probe  
  37  4:07  Probe (Chrono Boost)  
  36  4:11  Probe (Chrono Boost)  
  36  4:12  Dark Templar x2  
  40  4:19  Probe (Chrono Boost)  
  40  4:23  Probe (Chrono Boost)  
  42  4:27  Probe (Chrono Boost)  
  42  4:30  Probe (Chrono Boost)  
  43  4:33  Probe  
  45  4:40  Resonating Glaives  
  45  4:42  Probe (Chrono Boost)  
  45  4:45  Probe (Chrono Boost)  
  45  4:47  Warp Prism  
  47  4:55  Probe x2 (Chrono Boost)  
  47  4:56  Shield Battery  
  49  5:01  Probe x2  
  50  5:14  Probe  
  50  5:15  Probe  
  50  5:18  Gateway  
  51  5:21  Gateway  
  50  5:31  Gateway  
  50  5:34  Probe x2, Gateway  
  52  5:42  Gateway  
  52  5:49  Gateway  
  52  5:51  Adept, Dark Templar  
  56  5:59  Pylon  
  56  6:17  Observer  
  57  6:19  Pylon  
  57  6:26  Archon  
  57  6:27  Adept x2  
  57  6:29  Adept x4  
  69  6:33  Pylon  
  69  6:47  Pylon  
  69  6:52  Adept  
  69  6:53  Adept x7  
  85  6:59  Adept x7  
  83  7:05  Warp Prism (Chrono Boost)  
  83  7:07  Adept  
  85  7:10  Pylon  
  85  7:28  Dark Templar  
  85  7:29  Dark Templar  
  89  7:30  Adept x5  
  89  7:34  Archon  
  99  7:57  Adept x2  
  102  8:00  Pylon  
  98  8:09  Adept x6  
  98  8:16  Warp Prism  
  88  8:33  Adept x7  
  74  8:56  Adept  
  74  8:57  Adept x3, Zealot x3  
  68  9:10  Assimilator  
  68  9:13  Assimilator  
  68  9:24  Dark Templar  
  68  9:29  Adept x3  
  76  9:37  Charge (Chrono Boost)  
  75  9:48  Stalker  
  75  9:50  Probe x2  
  74  9:57  Stalker  
  73  10:02  Probe x2  
  69  10:14  Dark Templar  
  65  10:20  Zealot x4  
  73  10:28  Zealot x2  
  77  10:49  Dark Templar  
  79  10:50  Dark Templar x2  
  79  10:54  Archon  
  79  10:55  Sentry, Archon  
  79  10:56  Zealot x2  
  89  11:00  Zealot  
  91  11:21  Dark Templar x2  
  91  11:22  Zealot  
  91  11:23  Zealot  
  91  11:24  Zealot  
  101  11:27  Archon  
  101  11:37  Pylon  
  101  11:52  Zealot x5  
  91  11:57  Zealot  
  75  12:01  Zealot  
Show
View Real Time Build Order
Export as new Build Order

Classic Protoss - Winner!

Build Orders: Phoenix Opening, Archon Immortal 

Get SALT Encoding   

  12  0:00  Probe  
  13  0:12  Probe  
  14  0:17  Pylon  
  14  0:24  Probe (Chrono Boost)  
  15  0:36  Probe (Chrono Boost)  
  15  0:37  Gateway  
  16  0:44  Probe (Chrono Boost)  
  16  0:46  Assimilator  
  17  0:50  Probe (Chrono Boost)  
  17  0:54  Assimilator  
  18  1:03  Probe (Chrono Boost)  
  19  1:10  Probe (Chrono Boost)  
  20  1:13  Gateway  
  20  1:17  Probe  
  20  1:24  Cybernetics Core  
  21  1:29  Probe  
  22  1:35  Pylon  
  22  1:41  Probe  
  23  1:53  Probe  
  24  2:00  Stalker  
  24  2:01  Warp Gate  
  26  2:03  Sentry  
  28  2:12  Pylon  
  28  2:24  Stargate  
  27  2:40  Nexus  
  27  2:43  Probe  
  28  2:55  Probe  
  28  2:58  Adept  
  31  2:59  Adept  
  33  3:07  Phoenix (Chrono Boost)  
  33  3:11  Probe  
  36  3:20  Pylon  
  36  3:25  Phoenix  
  38  3:41  Robotics Facility  
  38  3:44  Probe  
  41  3:58  Probe x2  
  41  4:02  Oracle (Chrono Boost)  
  42  4:10  Adept x2  
  42  4:11  Probe  
  42  4:15  Probe  
  46  4:24  Probe  
  47  4:25  Assimilator  
  47  4:27  Probe  
  47  4:28  Observer (Chrono Boost)  
  47  4:31  Adept x2  
  47  4:39  Probe  
  47  4:40  Probe  
  47  4:44  Observer  
  48  4:51  Probe  
  48  4:52  Probe  
  50  4:54  Pylon  
  50  5:04  Probe x2 (Chrono Boost)  
  50  5:16  Probe x2 (Chrono Boost), Immortal  
  54  5:21  Probe (Chrono Boost)  
  54  5:22  Probe (Chrono Boost)  
  56  5:29  Forge  
  56  5:30  Probe  
  56  5:31  Probe  
  56  5:34  Oracle (Chrono Boost)  
  58  5:41  Gateway  
  61  5:45  Probe x2  
  63  5:53  Pylon  
  63  5:56  Immortal (Chrono Boost)  
  63  5:59  Sentry  
  63  6:03  Assimilator  
  69  6:09  Shield Battery  
  69  6:11  Sentry  
  69  6:17  Pylon, Gateway  
  72  6:24  Photon Cannon  
  71  6:26  Photon Cannon  
  71  6:33  Immortal (Chrono Boost)  
  75  6:42  Sentry  
  75  6:44  Probe x2  
  79  6:47  Sentry  
  79  6:48  Adept  
  83  7:02  Protoss Ground Weapons Level 1 (Chrono Boost)  
  83  7:09  Twilight Council  
  83  7:19  Pylon  
  83  7:27  Zealot  
  85  7:30  Pylon  
  85  7:31  Pylon  
  85  7:35  Immortal (Chrono Boost)  
  85  7:39  Gateway  
  85  7:40  Adept x2  
  85  7:41  Gateway  
  85  7:42  Gateway  
  93  7:47  Charge  
  93  7:50  Templar Archives  
  93  7:57  Zealot  
  93  7:58  Zealot  
  97  8:05  Zealot x2  
  83  8:16  Immortal  
  81  8:21  Zealot x2  
  83  8:28  Zealot  
  83  8:29  Zealot  
  83  8:32  Gateway  
  87  8:42  Zealot x3  
  81  8:56  Zealot x3  
  81  9:02  Protoss Ground Weapons Level 2 (Chrono Boost), Zealot x2  
  83  9:05  Zealot  
  85  9:18  High Templar x2  
  85  9:22  Archon  
  85  9:23  High Templar x2  
  93  9:27  Archon  
  93  9:29  Zealot x2  
  97  9:33  Gateway  
  96  9:51  Zealot x4  
  96  10:12  Probe  
  96  10:13  Probe  
  96  10:22  High Templar  
  96  10:23  High Templar  
  96  10:26  Pylon  
  96  10:27  Archon  
  96  10:28  Pylon, High Templar x2  
  104  10:29  Zealot x2  
  104  10:33  Archon  
  108  10:38  Observer (Chrono Boost)  
  106  10:50  Photon Cannon  
  106  10:56  Warp Prism (Chrono Boost)  
  108  11:12  Nexus, High Templar x2  
  108  11:16  Archon  
  112  11:21  Pylon  
  112  11:30  Zealot x3  
  118  11:35  Zealot  
  118  11:38  Pylon  
  120  11:51  Zealot x3  
  108  11:54  Zealot  
  108  11:59  Zealot  

Tags
 
Add a new tag
Caveats
  • Supply blocks, unpowered buildings, or Contaminate may cause inaccurate times.
  • Supply counts are checked every 10 seconds.